 Dungeon Crawl Stone Soup version 0.22-a0-880-gb7b0c8b (webtiles) character file.

25 Kuinu the Grasshopper (level 2, 0/25 HPs)
             Began as a Draconian Warper on July 30, 2018.
             Slain by Terence
             ... wielding a +0 flail
              (4 damage)
             ... on level 1 of the Dungeon.
             The game lasted 00:04:43 (1618 turns).

Kuinu the Grasshopper (Draconian Warper)            Turns: 1618, Time: 00:04:43

Health: 0/25       AC:  5    Str: 13    XL:     2   Next: 86%
Magic:  4/5        EV: 11    Int: 13    God:
Gold:   10         SH:  0    Dex: 10    Spells: 1/5 levels left

rFire    . . .     SeeInvis .   a - +0 falchion
rCold    . . .     Gourm    .   (no shield)
rNeg     . . .     Faith    .   (armour unavailable)
rPois    .         Spirit   .   (helmet restricted)
rElec    .         Reflect  .   (no cloak)
rCorr    .         Harm     .   l - +0 pair of gloves
MR       .....                  (no boots)
Stlth    +.........             (no amulet)
HPRegen  0.08/turn              (no ring)
MPRegen  0.09/turn              (no ring)

@: heavily drained
A: unfitting armour, cold-blooded, AC +4
a: no special abilities


You were on level 1 of the Dungeon.
You were not hungry.

You visited 1 branch of the dungeon, and saw 2 of its levels.

You collected 10 gold pieces.

Inventory:

Hand Weapons
 a - a +0 falchion (weapon)
Missiles
 d - 5 tomahawks of dispersal (quivered)
Armour
 l - a +0 pair of gloves (worn)
Scrolls
 c - 2 scrolls of blinking
 e - a scroll of enchant armour {unknown}
 g - 2 scrolls of magic mapping {unknown}
 h - 2 scrolls of amnesia {unknown}
 k - a scroll of remove curse {unknown}
Potions
 i - a potion of might {unknown}
 j - a potion of lignification {unknown}
 m - a potion of haste {unknown}
 n - 2 potions of agility {unknown}
Comestibles
 f - 4 rations


   Skills:
 * Level 2.8(1.2) Fighting
 * Level 2.5(0.9) Long Blades
 - Level 0.8(0.0) Throwing
 + Level 2.4(0.8) Dodging
 + Level 2.2(0.6) Spellcasting
 - Level 3.0(1.4) Translocations


You had one spell level left.
You knew the following spells:

 Your Spells              Type           Power        Failure   Level  Hunger
a - Shroud of Golubria    Chrm/Tloc      #.........   32%         2    ###....
b - Blink                 Tloc           N/A          26%         2    ###....

Your spell library contained the following spells:

 Spells                   Type           Power        Failure   Level  Hunger
 Teleport Other           Tloc           #.......     45%         3    ####...
 Passage of Golubria      Tloc           N/A          86%         4    #####..
 Gell's Gravitas          Tloc           #.........   45%         3    ####...
 Lesser Beckoning         Tloc           #.........   45%         3    ####...


Dungeon Overview and Level Annotations

Branches:
Dungeon (2/15)

Altars:
Elyvilon

Annotations:
D:1 Terence


Innate Abilities, Weirdness & Mutations

Your plain brown scales are hard. (AC +4)
You cannot fit into any form of body armour.
You are cold-blooded and may be slowed by cold attacks.


Message History

Your shroud unravels.
There is an open door here.
Terence says, "Don't bother to defend, it's senseless."
Terence screams, "I want your blood!" Terence screams, "I want your blood!"
Okay, then.
Terence asks, "Do you want it fast or slow?"
Terence asks, "Do you want it fast or slow?"
There is an open door here.
Casting: Shroud of Golubria (safe; 32% risk of failure)
Confirm with . or Enter, or press ? or * to list all spells.
Space distorts slightly along a thin shroud covering your body.
You hit Terence but do no damage.
Your tail-slap misses Terence.
Terence hits you but does no damage. Terence hits you with a flail!
* * * LOW HITPOINT WARNING * * *
Your shroud falls apart!
There is a stone staircase leading down here.
You can't go up here!
Terence hits you with a flail.
You die...

#.#######.#...##..
#.#....##.#...##..
#.#.##.##.#.......
#.#..#.##(#......#
#.................
#.##.#.##.##..)..#
#.##.#.##.##.....#
#@##.#....##.....#
#@................
######'######.......
#.......# #.......
#.......# #.......
#......(# #.......
#.......# #.......
###....### #.......
#....+.# #.......
#....#.# #.......


You could see Terence.

Vanquished Creatures
  An ooze (D:1)
  A bat (D:1)
  A goblin (D:2)
  7 hobgoblins (D:1)
  5 kobolds
  A frilled lizard (D:1)
  2 rats (D:1)
18 creatures vanquished.

Notes
Turn   | Place    | Note
-------+----------+-------------------------------------------
     0 | D:1      | Kuinu the Draconian Warper began the quest for the Orb.
     0 | D:1      | Reached XP level 1. HP: 17/17 MP: 3/3
   220 | D:1      | Reached XP level 2. HP: 9/25 MP: 5/5
   598 | D:1      | Learned a level 2 spell: Shroud of Golubria
   601 | D:1      | Learned a level 2 spell: Blink
  1281 | D:2      | Found a white marble altar of Elyvilon.
  1363 | D:2      | Noticed Terence
  1618 | D:1      | Slain by Terence

Vault maps used:
D:1:      zelgadis_glass_arrival_small, item_on_display_a
D:2:      nicolae_overflow_crystal_walls, uniq_terence

Action                   || total
-------------------------++-------
Melee: Falchion          ||    75
       Tailslap          ||     6
 Cast: Shroud of Golubri ||     4
  Eat: Ration            ||     1
       Chunk             ||     1
Armor: Skin              ||    21
Dodge: Dodged            ||    54
       Rpst.: Falchion   ||    17

Table legend:
 A = Spawn XP
 B = Non-spawn XP
 C = Spawn XP percentage of total XP
 D = Spawn monster count
 E = Non-spawn monster count
 F = Spawn count percentage of total count
 G = Total turns spent on level
                    A         B        C        D         E        F      G
               +---------+---------+-------+---------+---------+-------+---------
         Total |       0 |      37 |   0.0 |       0 |      18 |   0.0 |  1618
               +---------+---------+-------+---------+---------+-------+---------
           D:1 |       0 |      31 |   0.0 |       0 |      15 |   0.0 |  1448
           D:2 |       0 |       6 |   0.0 |       0 |       3 |   0.0 |   170
               +---------+---------+-------+---------+---------+-------+---------
